 Dungeon Crawl Stone Soup version 0.31-a0-150-g89dc3ad700 (webtiles) character file.

Game seed: 16286049990116896088

64652 qw the Marksminotaur (level 14, -1/132 HPs)
             Began as a Minotaur Hunter on June 8, 2023.
             Was an Elder of Okawaru.
             Slain by a hell hound (7 damage)
             ... led by Azrael
             ... on level 12 of the Dungeon.
             The game lasted 00:07:41 (16195 turns).

qw the Marksminotaur (Minotaur Hunter)             Turns: 16195, Time: 00:07:41

Health: -1/132     AC: 14    Str: 16    XL:     14   Next: 72%
Magic:  19/20      EV: 22    Int:  6    God:    Okawaru [****..]
Gold:   1627       SH:  0    Dex: 19    Spells: 13/13 levels left

rFire   . . .        Y - +4 longbow (flame)
rCold   . . .        (shield currently unavailable)
rNeg    . . .        t - +0 troll leather armour
rPois   +            u - +2 hat
rElec   .            b - +0 cloak
rCorr   .            j - +0 pair of gloves
SInv    +            k - +2 pair of boots
Will    +....        r - amulet of regeneration
Stlth   +++          f - ring of see invisible
HPRegen 2.02/turn    q - ring of poison resistance
MPRegen 0.17/turn

%: no passive effects
@: about to teleport, heroic
A: horns 2, retaliatory headbutt
a: Renounce Religion, Heroism, Finesse


You were on level 12 of the Dungeon.
You worshipped Okawaru.
Okawaru was greatly pleased with you.
You visited 2 branches of the dungeon, and saw 17 of its levels.

You collected 1627 gold pieces.


Innate Abilities, Weirdness & Mutations

You have a pair of horns on your head.
You reflexively headbutt those who attack you in melee.


   Skills:
 + Level 14.3(19.3) Fighting
 - Level 20.0(25.0) Ranged Weapons
 - Level 7.3(12.3) Armour
 - Level 11.0(16.0) Dodging
 - Level 0.7(5.7) Stealth
 - Level 10.0 Invocations


You had 13 spell levels left.
You didn't know any spells.
Your spell library was empty.

Inventory:

Hand Weapons
 Y - a +4 longbow of flaming (weapon)
Armour
 b - a +0 cloak (worn)
 j - a +0 pair of gloves (worn)
 k - a +2 pair of boots (worn)
 t - a +0 troll leather armour (worn)
 u - a +2 hat (worn)
Jewellery
 f - a ring of see invisible (left hand)
 n - a ring of ice
 q - a ring of poison resistance (right hand)
 r - an amulet of regeneration (around neck)
 s - a ring of protection from fire
Wands
 m - a wand of digging (5)
Scrolls
 a - 5 scrolls of identify
 p - 3 scrolls of teleportation
Potions
 c - 2 potions of mutation
 d - 2 potions of magic
 e - 7 potions of curing
 g - 3 potions of heal wounds
 h - 3 potions of might
 i - 4 potions of haste
 o - a potion of cancellation

Dungeon Overview and Level Annotations

Branches:
Dungeon (12/15)            Temple (0/1) D:5            Lair (5/5) D:9
 Shoals (0/4) Lair:3        Snake (0/4) Lair:3        Slime (0/5) Lair:5
    Orc (0/2) D:10

Altars:
Cheibriados
Dithmenos
Elyvilon
Hepliaklqana
Makhleb
Nemelex Xobeh
Okawaru
Qazlal
Ru
Sif Muna
Trog
Uskayaw
Wu Jian
Xom
Yredelemnul
Zin
The Shining One
Jiyva

Shops:
D:1 !   D:3 (

Annotations:
D:7 2 transporters
D:12 Azrael


Message History

The hell hound closely misses you.
You shoot an arrow. The arrow hits the hell hound!!
You kill the hell hound!
Okawaru accepts your kill.
16187 ||| Stepping ~*~*~tactically~*~*~ (outnumbered).
You shoot an arrow.
The arrow closely misses the hell hound.
The hell hound breathes flames at you. The blast of flame hits you.
You shoot an arrow.
The arrow closely misses the hell hound.
You shoot an arrow. The arrow hits the hell hound!!
You kill the hell hound!
Okawaru accepts your kill.
You shoot an arrow. The arrow barely misses Azrael.
Azrael gestures at you. The sticky flame hits you.
You are covered in liquid flames!
You shoot an arrow. The arrow hits Azrael!!
Azrael is moderately wounded.
You are covered in liquid flames!
The hell hound breathes flames at you. The blast of flame hits you!
You shoot an arrow. The arrow hits Azrael!!
Azrael is heavily wounded.
You are covered in liquid flames!
Azrael gestures at you.
The sphere of damnation explodes!
The damnation engulfs you!!
You shoot an arrow. The arrow hits Azrael!
Azrael is severely wounded.
Azrael gestures at you.
The sphere of damnation explodes!
The damnation engulfs you!!!
16195 ||| READING 4 scrolls of teleportation.
As you read the scroll of teleportation, it crumbles to dust.
You feel strangely unstable. Azrael gestures at you.
The fireball explodes!
The fireball engulfs you!
The fireball engulfs the hell hound.
The hell hound completely resists.
The hell hound bites you!
You die...

........ .......
.:...... ......0
.....>.. .......
........ .......
........ ##..%..
.....#.. #..R0
.....#.. #.%# ........
##h.# ........# #.@##
........# ##..#
........# ####...#
........###......##
..................#
...................#
.........######.......
#. ........## ##......
#.. .........##
#...... #..


You could see Azrael and a hell hound (catching breath).

Vanquished Creatures
  5 dire elephants (Lair:5)
  Snorg (D:10)
  2 hydras
  Erica (D:8)
  3 boulder beetles
  3 two-headed ogres
  11 death yaks
  Sonja (Lair:5)
  A spectral dire elephant (Lair:5)
  A skyshark (Lair:5)
  A spectral death yak (Lair:5)
  A skeletal warrior (D:12)
  A spectral anaconda (Lair:5)
  An obsidian statue (Lair:5)
  A lindwurm (Lair:5)
  A deep elf pyromancer (D:12)
  4 necromancers (Lair:5)
  2 cyclopes (D:12)
  2 manticores
  3 oklob plants
  18 elephants
  8 black mambas
  A torpor snail (Lair:5)
  2 gargoyles
  Psyche (D:12)
  13 cane toads
  3 rime drakes
  2 dire elephant skeletons (Lair:5)
  An unseen horror (D:11)
  Maggie (Lair:1)
  7 komodo dragons
  2 kobold demonologists (D:11)
  4 trolls
  4 polar bears
  2 spectral elephants (Lair:5)
  17 blink frogs
  4 dream sheep (Lair:5)
  Grinder (D:6)
  6 slime creatures (D:12)
  Sigmund (D:6)
  4 wyverns
  3 wraiths
  Eustachio (D:3)
  25 yaks
  Grum (D:8)
  2 vampires
  2 fire elementals (D:12)
  3 steam dragons
  A vampire mosquito (D:12)
  2 basilisks
  Menkaure (D:7)
  A spectral cane toad (Lair:5)
  2 wargs (D:9)
  22 water moccasins
  Duvessa (D:7)
  3 acid dragons
  5 hell hounds
  5 orc warriors
  A sky beast (D:8)
  An ice beast (D:4)
  4 centaurs
  12 wolves
  2 elephant skeletons (Lair:5)
  11 bullfrogs
  7 kobold brigands
  2 scorpions
  4 wights (D:10)
  Dowan (D:7)
  An elephant simulacrum (Lair:5)
  11 killer bees
  2 howler monkeys
  An electric eel (Lair:1)
  6 orc priests
  5 hounds
  2 gnoll boudas (D:8)
  6 iguanas (D:5)
  A sleepcap (D:4)
  8 orc wizards
  12 adders
  12 gnolls
  3 shadow imps
  12 white imps (Lair:1)
  An ufetubus (D:6)
  3 worms
  A dart slug (D:1)
  44 orcs
  8 endoplasms
  4 giant cockroaches
  3 goblins
  8 hobgoblins
  3 jackals (D:5)
  36 kobolds
  6 quokkas
  4 ball pythons
  3 bats
  3 frilled lizards
  8 rats
490 creatures vanquished.

Notes
Turn   | Place    | Note
-------+----------+-------------------------------------------
     0 | D:1      | qw the Minotaur Hunter began the quest for the Orb.
     0 | D:1      | Reached XP level 1. HP: 18/18 MP: 0/0
     0 | D:1      | 0 ||| qw: Version: 0.2-a-119-g0488c42
     0 | D:1      | 0 ||| qw: Game counter: 2732
     0 | D:1      | 0 ||| qw: Always use a shield: true
     0 | D:1      | 0 ||| qw: God list: Okawaru
     0 | D:1      | 0 ||| qw: Allow faded altars: false
     0 | D:1      | 0 ||| qw: Do Orc after D:15 true
     0 | D:1      | 0 ||| qw: Do second Lair branch before Depths: true
     0 | D:1      | 0 ||| qw: Lair rune preference: random
     0 | D:1      | 0 ||| qw: Plans: Normal
     0 | D:1      | 0 ||| PLANNING D:1-11
   138 | D:1      | Reached XP level 2. HP: 25/25 MP: 1/1
   161 | D:1      | Found Zuhaocib's Distillery.
   168 | D:1      | 168 ||| SHOPLISTING potion of curing (33 gold, have 12).
   168 | D:1      | 168 ||| SHOPLISTING potion of heal wounds (55 gold, have
                  | 12).
   168 | D:1      | 168 ||| SHOPLISTING potion of might (44 gold, have 12).
   168 | D:1      | 168 ||| SHOPLISTING potion of resistance (110 gold, have
                  | 12).
   183 | D:1      | Reached skill level 5 in Ranged Weapons
   449 | D:1      | Found a faded altar of an unknown god.
   575 | D:1      | Reached skill level 3 in Fighting
   761 | D:1      | 761 ||| UPGRADING to +0 ring mail.
   771 | D:1      | 771 ||| DROPPING +0 leather armour.
   772 | D:1      | 772 ||| READING scroll labelled ZOSHOALEYXT.
   773 | D:1      | 773 ||| READING scroll labelled KARUF WUKLI.
   774 | D:1      | 774 ||| READING scroll labelled IRGHEJ YDOUM.
   775 | D:1      | 775 ||| READING scroll labelled FAEHALUGUREN.
   776 | D:1      | 776 ||| READING scroll labelled FINUBL ELASYPT.
   779 | D:1      | 779 ||| DRINKING 2 black potions.
   780 | D:1      | 780 ||| DRINKING 2 white potions.
   781 | D:1      | 781 ||| DROPPING scroll of butterflies.
   782 | D:1      | 782 ||| DROPPING potion of attraction.
   837 | D:2      | HP: 2/26 [worm (8)]
   838 | D:2      | 838 ||| DRINKING potion of heal wounds.
  1019 | D:2      | Reached skill level 1 in Armour
  1019 | D:2      | Reached XP level 3. HP: 31/31 MP: 2/2
  1504 | D:2      | 1504 ||| UPGRADING to +0 cloak.
  1509 | D:2      | 1509 ||| UPGRADING to ring of see invisible.
  1510 | D:2      | 1510 ||| READING 2 scrolls labelled CUKIAF PISHREMM.
  1511 | D:2      | 1511 ||| DRINKING 2 bubbling black potions.
  1539 | D:3      | 1539 ||| STAIRDANCE
  1899 | D:3      | Reached XP level 4. HP: 38/38 MP: 3/3
  2198 | D:3      | Found Cyompiq's Weapon Emporium.
  2208 | D:3      | Reached skill level 6 in Ranged Weapons
  2209 | D:3      | 2209 ||| READING scroll labelled PEATEF GYQULIO.
  2210 | D:3      | 2210 ||| READING 2 scrolls of identify.
  2210 | D:3      | 2210 ||| IDENTIFYING silvery potion
  2223 | D:4      | 2223 ||| PLANNING OSSUARY
  2363 | D:4      | Reached XP level 5. HP: 38/47 MP: 4/4
  2510 | D:4      | Found a bloodstained altar of Trog.
  2608 | D:4      | Found a burning altar of Makhleb.
  2763 | D:4      | 2763 ||| FLEEEEING.
  2764 | D:4      | 2764 ||| STAIRDANCE
  2784 | D:3      | 2784 ||| UPGRADING to +0 pair of gloves.
  2789 | D:3      | 2789 ||| DRINKING 2 yellow potions.
  2790 | D:3      | 2790 ||| DRINKING 2 potions of curing.
  2790 | D:3      | 2790 ||| (to cure confusion)
  2791 | D:3      | 2791 ||| DROPPING potion of ambrosia.
  2812 | D:4      | 2812 ||| SWAPPING to +0 orcbow.
  2813 | D:4      | 2813 ||| DROPPING +1 shortbow.
  2833 | D:4      | 2833 ||| RIP OSSUARY
  2862 | D:4      | 2862 ||| PLANNING D:1-11
  2920 | D:4      | Reached skill level 7 in Ranged Weapons
  3008 | D:4      | Found a hide-covered altar of Uskayaw.
  3034 | D:4      | Found an iron altar of Okawaru.
  3035 | D:4      | 3035 ||| PLANNING OKAWARU WORSHIP
  3042 | D:4      | Became a worshipper of Warmaster Okawaru
  3042 | D:4      | 3042 ||| PLANNING D:1-11
  3234 | D:4      | Reached XP level 6. HP: 53/53 MP: 5/5
  3282 | D:5      | Entered Level 5 of the Dungeon
  3282 | D:5      | Noticed an ice beast
  3288 | D:5      | 3288 ||| STAIRDANCE
  3293 | D:4      | Killed an ice beast
  3294 | D:4      | Reached skill level 3 in Armour
  3525 | D:5      | Noticed Eustachio
  3548 | D:5      | HP: 12/53 [river rat[Eustachio] (5)]
  3549 | D:5      | 3549 ||| READING 2 scrolls of teleportation.
  3552 | D:5      | 3552 ||| READING scroll of teleportation.
  3554 | D:5      | 3554 ||| FLEEEEING.
  3555 | D:5      | 3555 ||| FLEEEEING.
  3556 | D:5      | 3556 ||| FLEEEEING.
  3558 | D:5      | 3558 ||| FLEEEEING.
  3559 | D:5      | 3559 ||| FLEEEEING.
  3560 | D:5      | 3560 ||| FLEEEEING.
  3561 | D:5      | 3561 ||| FLEEEEING.
  3562 | D:5      | 3562 ||| FLEEEEING.
  3564 | D:5      | 3564 ||| FLEEEEING.
  3565 | D:5      | 3565 ||| FLEEEEING.
  3566 | D:5      | 3566 ||| FLEEEEING.
  3567 | D:5      | 3567 ||| FLEEEEING.
  3568 | D:5      | 3568 ||| FLEEEEING.
  3571 | D:5      | 3571 ||| FLEEEEING.
  3572 | D:5      | 3572 ||| FLEEEEING.
  3574 | D:5      | 3574 ||| FLEEEEING.
  3575 | D:5      | 3575 ||| STAIRDANCE
  3704 | D:4      | 3704 ||| UPGRADING to ring of poison resistance.
  3705 | D:4      | 3705 ||| DRINKING 2 golden potions.
  3712 | D:5      | 3712 ||| STAIRDANCE
  3716 | D:4      | 3716 ||| FLEEEEING.
  3720 | D:4      | 3720 ||| FLEEEEING.
  3721 | D:4      | 3721 ||| FLEEEEING.
  3722 | D:4      | 3722 ||| FLEEEEING.
  3723 | D:4      | 3723 ||| FLEEEEING.
  3724 | D:4      | 3724 ||| FLEEEEING.
  3725 | D:4      | 3725 ||| FLEEEEING.
  3726 | D:4      | 3726 ||| STAIRDANCE
  3766 | D:4      | 3766 ||| STAIRDANCE
  3782 | D:3      | 3782 ||| FLEEEEING.
  3785 | D:3      | Killed Eustachio
  3785 | D:3      | Reached * piety under Okawaru
  3786 | D:3      | Reached skill level 8 in Ranged Weapons
  3786 | D:3      | Reached XP level 7. HP: 43/60 MP: 6/6
  3851 | D:3      | 3851 ||| DRINKING 2 glowing dark potions.
  3852 | D:3      | 3852 ||| DROPPING potion of degeneration.
  3869 | D:5      | 3869 ||| STAIRDANCE
  3916 | D:5      | 3916 ||| STAIRDANCE
  3957 | D:5      | 3957 ||| STAIRDANCE
  4011 | D:5      | Found a staircase to the Ecumenical Temple.
  4031 | D:5      | Reached skill level 1 in Invocations
  4153 | D:5      | 4153 ||| INVOKING Heroism.
  4154 | D:5      | 4154 ||| INVOKING Heroism.
  4296 | D:5      | Found a white marble altar of Elyvilon.
  4535 | D:5      | 4535 ||| READING scroll labelled NEKAUL ZADDASAU.
  4536 | D:5      | 4536 ||| READING 2 scrolls of identify.
  4536 | D:5      | 4536 ||| IDENTIFYING lumpy coppery potion
  4554 | D:6      | Noticed Sigmund
  4555 | D:6      | 4555 ||| INVOKING Heroism.
  4566 | D:6      | Killed Sigmund
  4567 | D:6      | Reached skill level 3 in Invocations
  4610 | D:6      | Reached skill level 9 in Ranged Weapons
  4610 | D:6      | Reached XP level 8. HP: 53/68 MP: 9/9
  4666 | D:6      | Found a shimmering altar of Xom.
  4702 | D:6      | Noticed Grinder
  4704 | D:6      | 4704 ||| INVOKING Heroism.
  4710 | D:6      | Killed Grinder
  4710 | D:6      | Reached ** piety under Okawaru
  4711 | D:6      | Reached skill level 3 in Dodging
  5008 | D:6      | Found a shadowy altar of Dithmenos.
  5046 | D:6      | Reached skill level 6 in Fighting
  5048 | D:6      | 5048 ||| Stepping ~*~*~tactically~*~*~ (outnumbered).
  5052 | D:6      | 5052 ||| Stepping ~*~*~tactically~*~*~ (outnumbered).
  5060 | D:6      | Identified the +0 chain mail of Luke {Int+4 Dex-5}
  5230 | D:6      | 5230 ||| READING scroll labelled QOMNAF GUPUIC.
  5231 | D:6      | 5231 ||| READING scroll labelled MAROROTU VIMY.
  5340 | D:6      | 5340 ||| READING scroll labelled SEDAAFEIGG.
  5341 | D:6      | 5341 ||| READING scroll labelled PIMUCL DAESHY.
  5341 | D:6      | Identified a scroll of acquirement
  5341 | D:6      | 5341 ||| ACQUIRING +2 longbow of freezing
  5341 | D:6      | Acquired a +2 longbow of freezing
  5343 | D:6      | 5343 ||| SWAPPING to +2 longbow of freezing.
  5344 | D:6      | 5344 ||| DROPPING +0 orcbow.
  5345 | D:6      | 5345 ||| DRINKING 3 sapphire potions.
  5372 | D:6      | 5372 ||| DROPPING 2 potions of lignification.
  5404 | D:7      | Found a transporter.
  5449 | D:7      | Found a transporter.
  5499 | D:7      | 5499 ||| INVOKING Heroism.
  5500 | D:7      | 5500 ||| Stepping ~*~*~tactically~*~*~ (outnumbered).
  5513 | D:7      | Reached skill level 10 in Ranged Weapons
  5596 | D:7      | Noticed Menkaure
  5597 | D:7      | 5597 ||| INVOKING Heroism.
  5599 | D:7      | Killed Menkaure
  5669 | D:7      | Noticed Dowan
  5670 | D:7      | 5670 ||| INVOKING Heroism.
  5674 | D:7      | Killed Dowan
  5675 | D:7      | Reached XP level 9. HP: 79/79 MP: 8/11
  5676 | D:7      | Noticed Duvessa
  5682 | D:7      | Killed Duvessa
  5753 | D:7      | 5753 ||| INVOKING Heroism.
  5755 | D:7      | HP: 18/79 [poisoned by a killer bee]
  5760 | D:7      | HP: 11/79 [poisoned by a killer bee]
  5761 | D:7      | Reached skill level 11 in Ranged Weapons
  5765 | D:7      | HP: 7/79 [poisoned by a killer bee]
  6048 | D:7      | Noticed a kobold demonologist
  6094 | D:7      | Found a glowing silver altar of Zin.
  6281 | D:7      | 6281 ||| UPGRADING to +0 pair of boots.
  6286 | D:7      | 6286 ||| READING 2 scrolls of identify.
  6286 | D:7      | 6286 ||| IDENTIFYING green potion
  6287 | D:7      | 6287 ||| DROPPING potion of enlightenment.
  6350 | D:8      | Noticed Erica
  6351 | D:8      | 6351 ||| INVOKING Heroism.
  6357 | D:8      | Killed Erica
  6358 | D:8      | Reached skill level 12 in Ranged Weapons
  6433 | D:8      | Reached *** piety under Okawaru
  6545 | D:8      | 6545 ||| INVOKING Heroism.
  6669 | D:8      | 6669 ||| INVOKING Heroism.
  6670 | D:8      | 6670 ||| Stepping ~*~*~tactically~*~*~ (outnumbered).
  6673 | D:8      | Reached XP level 10. HP: 88/88 MP: 9/12
  6731 | D:8      | 6731 ||| INVOKING Heroism.
  6752 | D:8      | Noticed Grum
  6753 | D:8      | 6753 ||| INVOKING Heroism.
  6754 | D:8      | 6754 ||| Stepping ~*~*~tactically~*~*~ (outnumbered).
  6767 | D:8      | Killed Grum
  7033 | D:8      | 7033 ||| INVOKING Heroism.
  7041 | D:8      | Reached skill level 13 in Ranged Weapons
  7260 | D:8      | 7260 ||| UPGRADING to +0 steam dragon scales.
  7270 | D:8      | 7270 ||| DROPPING +0 ring mail.
  7349 | D:9      | Found a glowing golden altar of the Shining One.
  7349 | D:9      | Found a hazy altar of Hepliaklqana.
  7352 | D:9      | Found an ornate altar of the Wu Jian Council.
  7374 | D:9      | Found a sparkling altar of Nemelex Xobeh.
  7374 | D:9      | Found a stormy altar of Qazlal.
  7376 | D:9      | Found a basalt altar of Yredelemnul.
  7388 | D:9      | Found a shimmering blue altar of Sif Muna.
  7400 | D:9      | 7400 ||| INVOKING Heroism.
  7406 | D:9      | Reached skill level 6 in Dodging
  7413 | D:9      | 7413 ||| INVOKING Heroism.
  7418 | D:9      | HP: 18/90 [orc warrior/arrow (10)]
  7419 | D:9      | 7419 ||| READING 2 scrolls of teleportation.
  7420 | D:9      | 7420 ||| DRINKING 2 potions of heal wounds.
  7422 | D:9      | Reached skill level 9 in Fighting
  7613 | D:9      | 7613 ||| INVOKING Heroism.
  7633 | D:9      | Found a staircase to the Lair.
  7737 | D:9      | 7737 ||| READING scroll of enchant weapon.
  7737 | D:9      | 7737 ||| ENCHANTING +2 longbow of freezing.
  7795 | D:9      | Reached **** piety under Okawaru
  7803 | D:9      | Received a gift from Okawaru
  7874 | D:9      | Noticed a manticore
  7875 | D:9      | 7875 ||| INVOKING Heroism.
  7879 | D:9      | Killed a manticore
  7933 | D:9      | Reached skill level 14 in Ranged Weapons
  7999 | D:9      | 7999 ||| PLANNING LAIR
  7999 | D:9      | 7999 ||| UPGRADING to amulet of regeneration.
  8004 | D:9      | 8004 ||| DROPPING amulet of the acrobat.
  8039 | Lair:1   | Entered Level 1 of the Lair of Beasts
  8083 | Lair:1   | 8083 ||| INVOKING Heroism.
  8085 | Lair:1   | Reached skill level 6 in Invocations
  8140 | Lair:1   | 8140 ||| INVOKING Heroism.
  8149 | Lair:1   | 8149 ||| Stepping ~*~*~tactically~*~*~ (outnumbered).
  8150 | Lair:1   | 8150 ||| Stepping ~*~*~tactically~*~*~ (outnumbered).
  8187 | Lair:1   | Found a frozen archway.
  8197 | Lair:1   | 8197 ||| INVOKING Heroism.
  8200 | Lair:1   | Reached XP level 11. HP: 97/97 MP: 11/14
  8237 | Lair:1   | 8237 ||| READING scroll of enchant armour.
  8237 | Lair:1   | 8237 ||| ENCHANTING +0 steam dragon scales.
  8242 | Lair:1   | 8242 ||| INVOKING Heroism.
  8285 | Lair:1   | 8285 ||| INVOKING Heroism.
  8309 | Lair:1   | 8309 ||| FLEEEEING.
  8382 | Lair:1   | 8382 ||| INVOKING Heroism.
  8530 | Lair:1   | 8530 ||| INVOKING Heroism.
  8649 | Lair:1   | Noticed Maggie
  8663 | Lair:1   | Killed Maggie
  8712 | Lair:1   | 8712 ||| INVOKING Heroism.
  8759 | Lair:1   | Found the +8 whip "Snakebite" {venom, curare, rPois}
  9088 | Lair:1   | 9088 ||| READING 2 scrolls of identify.
  9088 | Lair:1   | 9088 ||| IDENTIFYING fizzy cyan potion
  9089 | Lair:1   | 9089 ||| DROPPING potion of berserk rage.
  9115 | Lair:2   | Found a burning altar of Makhleb.
  9120 | Lair:2   | 9120 ||| INVOKING Heroism.
  9144 | Lair:2   | Identified the staff of poison "Buhuz" {Drain rElec rPois
                  | Str+7 Dex-2}
  9176 | Lair:2   | 9176 ||| INVOKING Heroism.
  9219 | Lair:2   | Reached ***** piety under Okawaru
  9223 | Lair:2   | Noticed a boulder beetle
  9224 | Lair:2   | 9224 ||| INVOKING Heroism.
  9235 | Lair:2   | 9235 ||| INVOKING Finesse.
  9236 | Lair:2   | 9236 ||| INVOKING Finesse.
  9248 | Lair:2   | Killed a boulder beetle
  9249 | Lair:2   | Reached skill level 9 in Invocations
  9417 | Lair:2   | 9417 ||| INVOKING Heroism.
  9467 | Lair:2   | 9467 ||| INVOKING Heroism.
  9492 | Lair:2   | Reached skill level 15 in Ranged Weapons
  9497 | Lair:2   | Reached XP level 12. HP: 106/106 MP: 16/18
  9842 | Lair:2   | Found a dark tunnel.
  9912 | Lair:2   | 9912 ||| DROPPING +6 ring of intelligence.
  9913 | Lair:2   | 9913 ||| READING scroll labelled SUARUTETZA.
  9976 | Lair:3   | Found a staircase to the Snake Pit.
 10017 | Lair:3   | 10017 ||| INVOKING Heroism.
 10297 | Lair:3   | 10297 ||| INVOKING Heroism.
 10324 | Lair:3   | Reached skill level 16 in Ranged Weapons
 10452 | Lair:3   | 10452 ||| INVOKING Heroism.
 10480 | Lair:3   | Found a staircase to the Shoals.
 10786 | Lair:3   | 10786 ||| INVOKING Heroism.
 11213 | Lair:4   | 11213 ||| INVOKING Heroism.
 11214 | Lair:4   | 11214 ||| INVOKING Finesse.
 11232 | Lair:4   | Reached skill level 6 in Armour
 11365 | Lair:4   | Reached skill level 9 in Dodging
 11483 | Lair:4   | Noticed a death yak
 11484 | Lair:4   | Noticed a death yak
 11485 | Lair:4   | 11485 ||| INVOKING Heroism.
 11486 | Lair:4   | 11486 ||| INVOKING Finesse.
 11486 | Lair:4   | Noticed a death yak
 11486 | Lair:4   | Noticed a death yak
 11490 | Lair:4   | Noticed a death yak
 11490 | Lair:4   | Noticed a death yak
 11492 | Lair:4   | Killed a death yak
 11495 | Lair:4   | Killed a death yak
 11504 | Lair:4   | Killed a death yak
 11507 | Lair:4   | Killed a death yak
 11521 | Lair:4   | Killed a death yak
 11522 | Lair:4   | Reached XP level 13. HP: 91/116 MP: 13/19
 11575 | Lair:4   | 11575 ||| READING scroll of enchant weapon.
 11575 | Lair:4   | 11575 ||| ENCHANTING +3 longbow of freezing.
 11626 | Lair:4   | 11626 ||| INVOKING Heroism.
 11665 | Lair:4   | 11665 ||| INVOKING Finesse.
 11669 | Lair:4   | Received a gift from Okawaru
 11670 | Lair:4   | Reached skill level 17 in Ranged Weapons
 11871 | Lair:4   | 11871 ||| INVOKING Heroism.
 11872 | Lair:4   | 11872 ||| INVOKING Finesse.
 12081 | Lair:4   | 12081 ||| UPGRADING to +2 pair of boots.
 12091 | Lair:4   | 12091 ||| DROPPING +0 pair of boots.
 12092 | Lair:4   | 12092 ||| UPGRADING to +2 hat.
 12097 | Lair:4   | 12097 ||| READING scroll labelled MOMPUU CILUZALYI.
 12098 | Lair:4   | 12098 ||| READING 2 scrolls of identify.
 12098 | Lair:4   | 12098 ||| IDENTIFYING viscous emerald potion
 12123 | Lair:5   | Entered Level 5 of the Lair of Beasts
 12123 | Lair:5   | Found a viscous altar of Jiyva.
 12123 | Lair:5   | Found a staircase to the Slime Pits.
 12169 | Lair:5   | 12169 ||| INVOKING Heroism.
 12170 | Lair:5   | 12170 ||| INVOKING Finesse.
 12190 | Lair:5   | Reached skill level 18 in Ranged Weapons
 12298 | Lair:5   | 12298 ||| READING scroll of enchant armour.
 12298 | Lair:5   | 12298 ||| ENCHANTING +1 steam dragon scales.
 12313 | Lair:5   | 12313 ||| INVOKING Heroism.
 12314 | Lair:5   | 12314 ||| INVOKING Finesse.
 12370 | Lair:5   | 12370 ||| INVOKING Heroism.
 12394 | Lair:5   | Noticed Sonja
 12401 | Lair:5   | Reached skill level 12 in Fighting
 12406 | Lair:5   | Killed Sonja
 12477 | Lair:5   | 12477 ||| INVOKING Heroism.
 12523 | Lair:5   | 12523 ||| INVOKING Heroism.
 12619 | Lair:5   | 12619 ||| INVOKING Heroism.
 12718 | Lair:5   | Noticed a dire elephant
 12718 | Lair:5   | Noticed a dire elephant
 12724 | Lair:5   | Noticed a dire elephant
 12725 | Lair:5   | 12725 ||| FLEEEEING.
 12728 | Lair:5   | 12728 ||| INVOKING Heroism.
 12737 | Lair:5   | Killed a dire elephant
 12738 | Lair:5   | Noticed a dire elephant
 12749 | Lair:5   | Killed a dire elephant
 12795 | Lair:5   | Noticed a dire elephant
 12796 | Lair:5   | 12796 ||| INVOKING Heroism.
 12800 | Lair:5   | 12800 ||| READING 3 scrolls of identify.
 12800 | Lair:5   | 12800 ||| IDENTIFYING bubbling sapphire potion
 12806 | Lair:5   | Killed a dire elephant
 12890 | Lair:5   | 12890 ||| INVOKING Heroism.
 12901 | Lair:5   | Killed a dire elephant
 12902 | Lair:5   | Reached skill level 19 in Ranged Weapons
 12908 | Lair:5   | Reached XP level 14. HP: 98/126 MP: 20/20
 13036 | Lair:5   | 13036 ||| INVOKING Heroism.
 13037 | Lair:5   | 13037 ||| INVOKING Finesse.
 13228 | Lair:5   | 13228 ||| INVOKING Heroism.
 13319 | Lair:5   | Identified the +0 acid dragon scales "Dekegg" {rCorr Str+2}
                  | (Okawaru gifted it to you on level 5 of the Lair of Beasts)
 13319 | Lair:5   | Received a gift from Okawaru
 13731 | Lair:5   | 13731 ||| PLANNING D:1-11
 13731 | Lair:5   | 13731 ||| DROPPING +0 acid dragon scales "Dekegg" {rCorr
                  | Str+2}.
 13732 | Lair:5   | 13732 ||| READING scroll labelled LIAKY NISYD.
 13833 | Lair:5   | 13833 ||| DROPPING potion of brilliance.
 13947 | D:10     | Entered Level 10 of the Dungeon
 14042 | D:10     | Found a sacrificial altar of Ru.
 14405 | D:10     | Found a staircase to the Orcish Mines.
 14406 | D:10     | 14406 ||| Stepping ~*~*~tactically~*~*~ (outnumbered).
 14408 | D:10     | 14408 ||| Stepping ~*~*~tactically~*~*~ (outnumbered).
 14410 | D:10     | Noticed Snorg
 14410 | D:10     | 14410 ||| INVOKING Heroism.
 14411 | D:10     | 14411 ||| INVOKING Finesse.
 14413 | D:10     | 14413 ||| Stepping ~*~*~tactically~*~*~ (outnumbered).
 14428 | D:10     | Killed Snorg
 14481 | D:10     | 14481 ||| READING 5 scrolls of identify.
 14481 | D:10     | 14481 ||| IDENTIFYING murky amethyst potion
 14518 | D:10     | 14518 ||| FLEEEEING.
 14519 | D:10     | 14519 ||| FLEEEEING.
 14520 | D:10     | 14520 ||| FLEEEEING.
 14526 | D:10     | 14526 ||| FLEEEEING.
 14667 | D:10     | Reached skill level 20 in Ranged Weapons
 15008 | D:10     | 15008 ||| DROPPING potion of invisibility.
 15320 | D:11     | Found a snail-covered altar of Cheibriados.
 15641 | D:11     | 15641 ||| PLANNING D
 15641 | D:11     | 15641 ||| UPGRADING to +0 troll leather armour.
 15651 | D:11     | 15651 ||| DROPPING +2 steam dragon scales.
 15652 | D:11     | 15652 ||| DROPPING scarf of shadows.
 15694 | D:12     | 15694 ||| Stepping ~*~*~tactically~*~*~ (outnumbered).
 15695 | D:12     | 15695 ||| Stepping ~*~*~tactically~*~*~ (outnumbered).
 15698 | D:12     | 15698 ||| Stepping ~*~*~tactically~*~*~ (outnumbered).
 15717 | D:12     | 15717 ||| INVOKING Heroism.
 15718 | D:12     | 15718 ||| INVOKING Finesse.
 15810 | D:12     | 15810 ||| INVOKING Heroism.
 15910 | D:12     | Noticed Psyche
 15914 | D:12     | Killed Psyche
 16018 | D:12     | 16018 ||| READING scroll of acquirement.
 16018 | D:12     | 16018 ||| ACQUIRING 575 gold pieces
 16018 | D:12     | Acquired 575 gold pieces
 16181 | D:12     | Noticed Azrael
 16182 | D:12     | 16182 ||| INVOKING Heroism.
 16187 | D:12     | 16187 ||| Stepping ~*~*~tactically~*~*~ (outnumbered).
 16194 | D:12     | HP: 12/132 [Azrael/damnation (48)]
 16195 | D:12     | 16195 ||| READING 4 scrolls of teleportation.
 16195 | D:12     | Slain by a hell hound

Levels and vault maps discovered:
D:1:      dpeg_arrival_rooms_a, layout_basic, serial_shops, nicolae_square_shop,
          ebering_ecumenical_altar_ruins, st_stairs_7
D:2:      layout_basic, grunt_ministairs_1
D:3:      layout_loops_ring, serial_shops, nicolae_shop_tiny_real_fake_doors
D:4:      layout_gridville, okawaru_trees_1, lemuel_doored_altar,
          nicolae_uskayaw_dance_hall, trog_three_pillars_becter,
          enter_ossuary_5, serial_bayou_lagoon_a
D:5:      layout_cave_pools, elyvilon_altar_1,
          minmay_temple_entry_statues_fountains, kennysheep_generic_room_16,
          uniq_eustachio
D:6:      layout_loops_ring, grunt_dithmenos_smoke, old_standard_altar,
          uniq_sigmund, uniq_grinder
D:7:      gammafunk_wand_slinger, layout_basic, zin_treasury, serial_glass,
          glass_columns_a, glass_columns_a, uniq_menkaure, uniq_duvessa
D:8:      layout_loops_ring, uniq_erica, uniq_grum
D:9:      layout_gridville, grunt_temple_overflow_open,
          erik_lair_orcish_takeover
D:10:     layout_basic, nicolae_ru_path_of_blood, david_orc_5, uniq_snorg
D:11:     layout_loops_ring, cheibrodos_worm_habitat
D:12:     minmay_four_partial_circles, layout_layer_cave, serial_shops,
          nicolae_shop_bloodbath_and_beyond, uniq_psyche, uniq_azrael
Lair:1:   minmay_guarded_unrand_snakebite, layout_loops_ring,
          portal_ice_cave_entry_imps, chequers_serial_rivers_marsh,
          nicolae_lair_lil_pond, nicolae_quartered_pool_medium,
          infiniplex_staircase_pool_2, uniq_maggie
Lair:2:   layout_chaotic_city, enter_volcano_3, basic_altar,
          serial_bayou_shore_b, grunt_megastairs_5
Lair:3:   layout_layer_cave, elwin_shoals_entry_rocks,
          minmay_snake_entry_six_corridors
Lair:4:   layout_long_grid, chequers_serial_rivers_micro_c, lemuel_fruit_tree
Lair:5:   due_jungle_book, layout_regular_city, slime_entry_1, uniq_sonja

Skill      XL: |  1  2  3  4  5  6  7  8  9 10 11 12 13 14 |
---------------+-------------------------------------------+-----
Ranged Weapons | 5 6 7 8 9 10 12 14 15 16 19 20 | 20.0
Fighting       | 3 4 5 7 8 9 10 11 12 14 | 14.3
Armour         | 1 3 4 5 6 7 |  7.3
Invocations    | 3 4 6 9 10 | 10.0
Dodging        | 3 5 6 7 9 10 11 | 11.0
Stealth        | |  0.7

Action                     |  1- 3 |  4- 6 |  7- 9 | 10-12 | 13-15 || total
---------------------------+-------+-------+-------+-------+-------++-------
   Fire: Shortbow          |   145 |    83 |       |       |       ||   228
         Orcbow            |       |    97 |   125 |       |       ||   222
         Longbow           |       |       |   111 |   540 |   639 ||  1290
 Invoke: Heroism           |       |       |    10 |    26 |    17 ||    53
         Finesse           |       |       |       |     3 |     7 ||    10
    Use: Scroll            |     6 |     4 |     7 |     5 |     9 ||    31
         Potion            |     4 |     3 |     2 |     1 |       ||    10
 Armour: Leather armour    |     9 |       |       |       |       ||     9
         Ring mail         |    22 |    49 |    37 |     1 |       ||   109
         Steam dragon scal |       |       |       |    31 |    50 ||    81
         Troll leather arm |       |       |       |       |     8 ||     8
  Dodge: Dodged            |    34 |    71 |   121 |   134 |   172 ||   532

Table legend:
 A = Non-vault XP
 B = Vault XP
 C = Vault XP percentage of total XP
 D = Non-vault monster count
 E = Vault monster count
 F = Vault count percentage of total count
                 A         B        C        D         E       F
            +---------+---------+-------+---------+---------+-------
      Total |   57638 |   34722 |  37.6 |     350 |     140 |  28.6
            +---------+---------+-------+---------+---------+-------
        D:1 |      29 |       4 |  12.1 |      19 |       2 |   9.5
        D:2 |      30 |       4 |  11.8 |       9 |       2 |  18.2
        D:3 |      52 |     203 |  79.6 |      16 |       1 |   5.9
        D:4 |     406 |       0 |   0.0 |      26 |       0 |   0.0
        D:5 |     333 |      75 |  18.4 |      22 |       2 |   8.3
        D:6 |     351 |     477 |  57.6 |      16 |       2 |  11.1
        D:7 |    1116 |     390 |  25.9 |      23 |       3 |  11.5
        D:8 |    1379 |    1513 |  52.3 |      26 |       6 |  18.8
        D:9 |    3622 |     576 |  13.7 |      27 |       9 |  25.0
       D:10 |    4120 |    1216 |  22.8 |      24 |      23 |  48.9
       D:11 |    2435 |       4 |   0.2 |      18 |       1 |   5.3
       D:12 |    1904 |    7509 |  79.8 |       7 |      22 |  75.9
     Lair:1 |    3115 |    1976 |  38.8 |      13 |      22 |  62.9
     Lair:2 |    6878 |    1031 |  13.0 |      25 |       6 |  19.4
     Lair:3 |    5845 |    1361 |  18.9 |      23 |       5 |  17.9
     Lair:4 |   11173 |       0 |   0.0 |      25 |       0 |   0.0
     Lair:5 |   14850 |   18383 |  55.3 |      31 |      34 |  52.3
            +---------+---------+-------+---------+---------+-------
